Map: Simulacrum LE

Players

JiGsAw

  • Race: Protoss Protoss
  • League: Platinum
  • Spawn Location: 5:00

LkASr - Winner!

  • Race: Terran Terran
  • Spawn Location: 11:00

VOD

Have the link to the VOD?

Description

We pretty much proxied each other, lul.
Bonus Part: at the 3:00, 2 workers just past on each other and neither of us actually spotted each other's worker :V

Time

  • Played on: Dec. 23, 2019, 9:32 p.m.
  • Length: 11:56
Show
View Real Time Build Order
Export as new Build Order

JiGsAw Protoss 

Build Orders: Blink Stalkers 

Get SALT Encoding   

  12  0:02  Probe  
  13  0:20  Pylon  
  13  0:29  Assimilator  
  13  0:39  Gateway  
  13  0:44  Assimilator  
  13  0:49  Probe (Chrono Boost)  
  14  0:59  Probe (Chrono Boost)  
  15  1:04  Probe (Chrono Boost)  
  16  1:15  Probe  
  17  1:27  Probe  
  18  1:34  Cybernetics Core  
  18  1:39  Gateway  
  18  1:46  Gateway  
  17  2:03  Probe (Chrono Boost)  
  17  2:08  Warp Gate (Chrono Boost)  
  18  2:14  Probe (Chrono Boost)  
  19  2:18  Probe (Chrono Boost)  
  20  2:25  Twilight Council  
  20  2:30  Probe  
  21  2:48  Gateway  
  21  2:49  Gateway  
  21  2:56  Gateway  
  21  3:12  Blink (Chrono Boost)  
  21  3:20  Probe  
  22  3:32  Pylon  
  22  4:06  Nexus  
  22  4:11  Stalker x3  
  22  4:16  Stalker  
  30  5:15  Pylon  
  30  5:17  Pylon  
  30  5:20  Pylon  
  30  5:34  Assimilator  
  30  5:36  Stalker x4, Assimilator  
  30  5:37  Stalker x2  
  42  6:15  Stalker x3  
  42  6:16  Stalker  
  50  6:18  Pylon  
  50  6:20  Probe (Chrono Boost)  
  52  6:33  Probe (Chrono Boost)  
  52  6:45  Stalker x2  
  56  6:50  Probe (Chrono Boost)  
  58  7:01  Probe (Chrono Boost)  
  58  7:06  Probe (Chrono Boost)  
  57  7:40  Probe  
  52  7:52  Probe  
  48  8:00  Pylon  
  48  8:03  Pylon  
  48  8:04  Probe  
  39  8:16  Probe  
  40  8:29  Probe  
  40  8:30  Gateway  
  40  8:33  Gateway  
  41  8:41  Probe  
  42  9:02  Forge  
  42  9:05  Probe  
  43  9:17  Probe  
  43  9:19  Nexus  
  44  9:30  Probe  
  45  9:42  Probe  
  46  9:49  Photon Cannon x2  
  46  9:51  Photon Cannon  
  46  9:54  Probe  
  46  9:55  Gateway x2  
  17  11:03  Cybernetics Core  
  17  11:09  Pylon  
  17  11:11  Pylon  
  17  11:19  Pylon  
  17  11:20  Probe (Chrono Boost)  
  18  11:31  Probe (Chrono Boost)  
  19  11:36  Probe (Chrono Boost)  
  19  11:37  Zealot x2  
Show
View Real Time Build Order
Export as new Build Order

LkASr Terran - Winner!

Build Orders:  

Get SALT Encoding   

  12  0:01  SCV  
  13  0:13  SCV  
  14  0:19  Supply Depot  
  14  0:36  Supply Depot  
  14  0:37  SCV  
  15  0:49  SCV  
  16  0:51  Barracks  
  16  1:27  SCV  
  16  1:28  Refinery  
  17  1:39  SCV  
  18  1:43  Marine  
  19  1:51  SCV  
  20  2:01  Marine  
  21  2:13  SCV  
  22  2:23  Barracks Reactor  
  22  2:25  SCV  
  23  2:30  Supply Depot  
  23  2:37  SCV  
  24  2:50  SCV  
  25  3:02  Supply Depot, SCV  
  26  3:18  Marine x2  
  28  3:20  Barracks  
  28  3:36  Marine x2  
  30  3:52  SCV  
  30  3:53  Marine  
  30  3:54  Marine  
  33  4:02  Supply Depot  
  33  4:04  SCV  
  33  4:06  Supply Depot  
  34  4:11  Marine x2  
  34  4:13  Supply Depot  
  36  4:20  Barracks Tech Lab  
  36  4:28  Factory  
  36  4:36  Barracks  
  36  4:40  Supply Depot  
  36  4:53  Orbital Command  
  36  5:00  Marine x2  
  38  5:15  Command Center  
  38  5:17  Factory Tech Lab  
  38  5:18  Marine x2  
  40  5:21  Starport  
  38  5:35  Marine  
  38  5:36  Marine  
  40  5:45  Marauder  
  40  5:47  Concussive Shells, Barracks Tech Lab  
  42  5:53  Marine x2  
  44  6:05  Siege Tank  
  47  6:11  Marine x2  
  47  6:16  Starport Reactor  
  49  6:24  Marine x2  
  51  6:32  Refinery  
  51  6:33  SCV  
  51  6:37  Siege Tank  
  55  6:42  Marine x2  
  55  6:45  SCV  
  58  6:58  SCV  
  58  6:59  Marine x2  
  61  7:10  SCV  
  62  7:22  SCV  
  65  7:23  Marauder x2  
  51  7:44  Marauder x2  
  40  7:56  Orbital Command  
  40  8:10  Orbital Command  
  40  8:47  SCV  
  41  9:00  SCV  
  41  9:01  Viking x2  
  46  9:12  SCV  
  47  9:31  Supply Depot  
  47  9:34  Supply Depot  
  47  9:52  Viking x2, SCV  
  52  10:04  SCV  
  53  10:16  SCV  
  54  10:29  SCV  
  50  10:41  SCV  
  45  10:46  Marine x2  
  47  10:53  SCV  
  48  11:04  Marine x2  
  48  11:05  SCV  
  51  11:17  SCV  
  52  11:22  Marine x2  
  54  11:29  SCV  
  54  11:41  SCV  
Tags
 
Composition
Blink Stalkers
League
Platinum
Matchup
PvT
Spawn Locations
Cross Positions
Add a new tag
Caveats
  • Supply blocks, unpowered buildings, or Contaminate may cause inaccurate times.
  • Supply counts are checked every 10 seconds.